 Dungeon Crawl Stone Soup version 0.30.0-5-g1a98f26d00 (webtiles) character file.

Game seed: 970437852351210021

433 CaptainMV the Stinger (level 7, 0/42 HPs)
             Began as a Kobold Wanderer on May 11, 2023.
             Succumbed to a scorpion's poison
             ... on level 6 of the Dungeon.
             The game lasted 00:42:44 (3981 turns).

CaptainMV the Stinger (Kobold Wanderer)             Turns: 3981, Time: 00:42:45

Health: 0/42       AC:  5    Str:  7 (8)  XL:     7   Next: 20%
Magic:  7/10       EV: 20    Int: 14 (17) God:
Gold:   192        SH:  0    Dex: 13 (14) Spells: 6/11 levels left

rFire   . . .        a - +1 dagger
rCold   . . .        (no shield)
rNeg    . . .        c - +0 robe
rPois   .            (no helmet)
rElec   .            e - +2 cloak
rCorr   .            (no gloves)
SInv    .            (no boots)
Will    .....        (no amulet)
Stlth   +++          f - +5 ring of evasion
HPRegen 0.27/turn    (no ring)
MPRegen 0.12/turn

%: no passive effects
@: lethally poisoned (0 -> -2)
A: small, no large weapons, nightstalker 3, mutation resistance 1
a: no special abilities


You were on level 6 of the Dungeon.
You visited 2 branches of the dungeon, and saw 7 of its levels.

You collected 192 gold pieces.

Inventory:

Hand Weapons
 a - a +1 dagger (weapon)
Missiles
 d - 2 silver javelins
 k - 2 poisoned darts
Armour
 c - a +0 robe (worn)
 e - a +2 cloak (worn)
Magical Staves
 b - a staff of air
Jewellery
 f - a +5 ring of evasion (left hand)
Wands
 g - a wand of roots (12)
 n - a wand of quicksilver (14)
Scrolls
 h - 2 scrolls of teleportation
 m - a scroll of enchant armour {unknown}
Potions
 i - a potion of brilliance
 j - a potion of might


   Skills:
 + Level 3.9 Fighting
 + Level 3.5 Short Blades
 + Level 1.6 Staves
 + Level 0.1 Throwing
 + Level 3.1 Dodging
 + Level 2.2 Stealth
 + Level 2.6 Spellcasting
 + Level 2.9 Transmutations
 + Level 4.8 Poison Magic


You had 6 spell levels left.
You knew the following spells:

 Your Spells              Type           Power      Damage    Failure   Level
a - Sting                 Tmut/Pois      48%        1d5       4%          1
b - Wereblood             Tmut           9%         N/A       11%         2
c - Passwall              Tmut/Erth      5%         N/A       19%         2

Your spell library contained the following spells:

 Spells                   Type           Power      Damage    Failure   Level
 Poisonous Vapours        Pois/Air       16%        N/A       13%         2
 Necrotise                Necr           4%         1d4       22%         1
 Olgreb's Toxic Radiance  Pois           15%        N/A       30%         4
 Call Canine Familiar     Summ           1%         N/A       56%         3
 Portal Projectile        Hex/Tloc       2%         N/A       56%         3
 Tukima's Dance           Hex            1%         N/A       56%         3
 Vampiric Draining        Necr           1%         2d6       56%         3
 Blade Hands              Tmut           4%         N/A       88%         5
 Leda's Liquefaction      Hex/Erth       0%         N/A       91%         4
 Agony                    Necr           1%         N/A       99%         5
 Discord                  Hex            0%         N/A       100%        8
 Ignition                 Fire           0%         3d3       100%        8


Dungeon Overview and Level Annotations

Branches:
Dungeon (6/15)             Temple (1/1) D:4

Altars:
Cheibriados
Dithmenos
Elyvilon
Fedhas
Gozag
Kikubaaqudgha
Makhleb
Nemelex Xobeh
Okawaru
Qazlal
Ru
Sif Muna
Trog
Uskayaw
Vehumet
Wu Jian
Yredelemnul
Zin
The Shining One

Shops:
D:4 :


Innate Abilities, Weirdness & Mutations

You are small and have problems with some larger weapons.
You are completely attuned to the shadows.
You are somewhat resistant to further mutation.


Message History

You closely miss the scorpion.
The scorpion is severely wounded.
The scorpion stings you.
You hit the scorpion but do no damage.
The scorpion is severely wounded.
The scorpion stings you but does no damage.
You hit the scorpion.
The scorpion is almost dead.
The scorpion stings you.
* * * LOW HITPOINT WARNING * * *
You are lethally poisoned!
The scorpion poisons you!
You hit the scorpion.
You kill the scorpion!
* * * LOW HITPOINT WARNING * * *
You feel very sick.
* * * LOW HITPOINT WARNING * * *
You feel very sick.
There is a stone staircase leading up here.
You see here a scorpion corpse.
Found a stormy altar of Qazlal.
* * * LOW HITPOINT WARNING * * *
You feel sick.
* * * LOW HITPOINT WARNING * * *
You feel sick.
* * * LOW HITPOINT WARNING * * *
You feel sick.
Found 12 gold pieces.
* * * LOW HITPOINT WARNING * * *
You feel sick.
It was a potion of degeneration.
There was something very wrong with that liquid.
You feel weakened.
You feel dopey.
You feel clumsy.
* * * LOW HITPOINT WARNING * * *
You feel sick.
An adder comes into view.
* * * LOW HITPOINT WARNING * * *
You feel sick.
Found an iron altar of Okawaru and a blossoming altar of Fedhas.
You die...

######## #######
........# #......
.........######......
.......<.............
.$.......######......
.........# #......
_...@....# #......
.......#.# #######
..⌠.._.#... .......#
#. _...S...


You could see an adder (asleep).

Vanquished Creatures
  A water moccasin (D:6)
  A scorpion (D:6)
  2 hounds
  2 sleepcaps (D:4)
  An iguana (D:5)
  Ijyb (D:3)
  3 adders
  A white imp (D:5)
  An ufetubus (D:5)
  A dart slug (D:1)
  2 orcs
  2 ball pythons
  2 bats
  4 endoplasms
  3 giant cockroaches
  7 goblins
  7 hobgoblins
  4 jackals (D:5)
  2 quokkas (D:2)
  5 frilled lizards
  5 kobolds
  6 rats
63 creatures vanquished.

Notes
Turn   | Place    | Note
-------+----------+-------------------------------------------
     0 | D:1      | CaptainMV the Kobold Wanderer began the quest for the Orb.
     0 | D:1      | CaptainMV set off with the following items: a +0 dagger, a
                  | scroll of teleportation, a +0 robe, a potion of mutation;
                  | and the following spell memorised: Sting; and the following
                  | spells available to memorise: Poisonous Vapours, Wereblood,
                  | Passwall, Olgreb's Toxic Radiance.
     0 | D:1      | Reached XP level 1. HP: 14/14 MP: 2/2
     0 | D:1      | Gained mutation: Your muscles are strong. (Str +4, Int/Dex
                  | -1) [potion of mutation]
     0 | D:1      | Gained mutation: Your spells are a little harder to cast,
                  | but a little more powerful. [potion of mutation]
     0 | D:1      | Gained mutation: You are partially covered in iridescent
                  | scales. (AC +2) [potion of mutation]
    51 | D:1      | Found a faded altar of an unknown god.
   297 | D:1      | Reached XP level 2. HP: 19/19 MP: 3/3
   954 | D:1      | Reached XP level 3. HP: 18/23 MP: 4/4
  1213 | D:2      | Reached skill level 1 in Stealth
  1274 | D:2      | Reached skill level 1 in Dodging
  1317 | D:2      | Lost mutation: Your spells are a little harder to cast, but
                  | a little more powerful. [potion of mutation]
  1317 | D:2      | Lost mutation: You are partially covered in iridescent
                  | scales. (AC +2) [potion of mutation]
  1317 | D:2      | Gained mutation: Your body sometimes deteriorates upon
                  | taking damage. [potion of mutation]
  1317 | D:2      | Gained mutation: You are vulnerable to cold. (rC-) [potion
                  | of mutation]
  1398 | D:2      | Reached skill level 1 in Short Blades
  1449 | D:2      | Learned a level 2 spell: Wereblood
  1545 | D:3      | Found a glowing silver altar of Zin.
  1902 | D:3      | Reached XP level 4. HP: 21/28 MP: 4/6
  1914 | D:3      | Learned a level 2 spell: Passwall
  2233 | D:3      | Noticed Ijyb
  2316 | D:3      | Killed Ijyb
  2317 | D:3      | Reached skill level 1 in Staves
  2459 | D:4      | Reached XP level 5. HP: 21/32 MP: 7/7
  2804 | D:4      | Found a staircase to the Ecumenical Temple.
  2862 | Temple   | Entered the Ecumenical Temple
  3079 | D:4      | Found Wypsis's Vocational Training.
  3149 | D:5      | Entered Level 5 of the Dungeon
  3367 | D:5      | Reached XP level 6. HP: 34/37 MP: 9/9
  3875 | D:6      | Lost mutation: Your body sometimes deteriorates upon taking
                  | damage. [potion of mutation]
  3875 | D:6      | Lost mutation: Your muscles are strong. (Str +4, Int/Dex
                  | -1) [potion of mutation]
  3875 | D:6      | Lost mutation: You are vulnerable to cold. (rC-) [potion of
                  | mutation]
  3875 | D:6      | Gained mutation: You are somewhat resistant to further
                  | mutation. [potion of mutation]
  3913 | D:6      | Noticed a water moccasin
  3925 | D:6      | Killed a water moccasin
  3926 | D:6      | Reached XP level 7. HP: 28/42 MP: 1/10
  3938 | D:6      | Found a snail-covered altar of Cheibriados.
  3975 | D:6      | Found a stormy altar of Qazlal.
  3978 | D:6      | HP: 2/42 [poisoned by a scorpion]
  3981 | D:6      | Found an iron altar of Okawaru.
  3981 | D:6      | Found a blossoming altar of Fedhas.
  3981 | D:6      | Succumbed to a scorpion's poison

Illustrated notes

Levels and vault maps discovered:
D:1:      ldierk_walled_garden_2, layout_basic, dreamdust_ecumenical_altar_grove
D:2:      layout_rooms
D:3:      layout_basic, lemuel_coloured_pillars_altar, zin_scriptorium,
          uniq_ijyb
D:4:      layout_cave_pools, minmay_temple_entry_nine_rooms, chequers_big_river,
          hangedman_decor_diamond_cutter, nicolae_shop_vocational
D:5:      layout_basic, minmay_misc_feat_four_crosses
D:6:      layout_rooms, grunt_temple_overflow_open, serial_shops,
          nicolae_shop_crystal, uniq_pikel, uniq_maggie
Temple:   eino_temple_lava

Skill      XL: |  1  2  3  4  5  6 |
---------------+-------------------+-----
Stealth        | 1 2 |  2.2
Dodging        | 1 2 3 |  3.1
Short Blades   | 1 2 3 |  3.5
Staves         | 1 |  1.6
Spellcasting   | 2 |  2.6
Fighting       | |  3.9
Throwing       | |  0.1
Transmutations | |  2.9
Poison Magic   | |  4.8

Action                     |  1- 3 |  4- 6 |  7- 9 || total
---------------------------+-------+-------+-------++-------
  Melee: Dagger            |   141 |   147 |    33 ||   321
         Punch             |     1 |     2 |     2 ||     5
         Staff             |    30 |    68 |       ||    98
  Throw: Throwing net      |     1 |       |       ||     1
         Dart              |       |     2 |       ||     2
   Cast: Sting             |     9 |    29 |       ||    38
         Passwall          |       |     2 |       ||     2
         Wereblood         |       |     5 |       ||     5
    Use: Potion            |     7 |     3 |     3 ||    13
         Scroll            |     2 |     3 |       ||     5
   Stab: Sleeping          |     8 |     4 |       ||    12
 Armour: Robe              |    51 |    43 |     3 ||    97
  Dodge: Dodged            |   150 |   215 |    24 ||   389
